 Dungeon Crawl Stone Soup version 0.31-a0-981-geadf994542 (webtiles) character file.

Game seed: 12575626783843940174

93475 Xavori the Alchemist (level 16, -6/118 HPs)
             Began as a Djinni Chaos Knight on Nov 2, 2023.
             Was a Plaything of Xom.
             Mangled by a wolf spider (17 damage)
             ... on level 1 of the Spider Nest.
             The game lasted 00:43:10 (29443 turns).

Xavori the Alchemist (Djinni Chaos Knight)         Turns: 29443, Time: 00:43:10

Health: -6/118     AC: 14    Str: 18    XL:     16   Next: 57%
Gold:   663        EV: 28    Int: 10    God:    Xom [*.....] SH:  4 Dex: 27

rFire   + + .        P - +6 triple sword (elec)
rCold   x . .        (shield currently unavailable)
rNeg    . . .        I - +0 acid dragon scales
rPois   ∞            f - +2 hat
rElec   .            (no cloak)
rCorr   +            S - +2 pair of gloves {Dex+3}
SInv    +            (boots unavailable)
Will    +++..        e - amulet of regeneration
Stlth   ++           H - +4 ring of slaying
HPRegen 1.19/turn    O - +5 ring of evasion
MPRegen 0.00/turn

%: infuse magic (-7 HP)
@: flying, studying 2 skills
A: sickness immunity, fire resistance 2, cold vulnerability 1, float, innate
caster, HP casting, extra vitality 1, antennae 1, large bone plates 1, see
invisible, agile 1, strong-willed 2, strong 2, MP-powered wands, noise
suppression
a: Renounce Religion


You were on level 1 of the Spider Nest.
You worshipped Xom.
You were a special plaything of Xom.
You visited 4 branches of the dungeon, and saw 23 of its levels.
You also visited: Gauntlet.

You collected 2024 gold pieces.
You spent 1361 gold pieces at shops.

Inventory:

Hand Weapons
 P - a +6 triple sword of electrocution (weapon)
 Y - a +3 triple sword of holy wrath
Missiles
 B - 3 throwing nets
Armour
 b - a +2 leather armour
 f - a +2 hat (worn)
 n - the +2 ring mail of Tainn {+Inv}
   (You bought it in a shop on level 8 of the Dungeon)

   +Inv:      It lets you turn invisible.
 G - a +2 pair of gloves of infusion
 I - +0 acid dragon scales (worn)
 S - a +2 pair of gloves of dexterity (worn)
Jewellery
 e - an amulet of regeneration (around neck)
 m - a ring of ice
 v - an amulet of the acrobat
 F - an amulet of reflection
 H - a +4 ring of slaying (left hand)
 L - a +6 ring of intelligence
 O - a +5 ring of evasion (right hand)
 R - a ring of see invisible
 T - a ring of ice
 V - a ring of willpower
Talismans
 W - a granite talisman
Wands
 t - a wand of quicksilver (13)
 A - a wand of flame (47)
 C - a wand of iceblast (25)
 E - a wand of charming (15)
Scrolls
 a - 6 scrolls of identify
 c - a scroll of butterflies
 d - 2 scrolls of blinking
 h - 3 scrolls of fear
 j - 2 scrolls of torment
 p - 6 scrolls of teleportation
 r - 2 scrolls of silence
 w - a scroll of enchant armour
 y - 3 scrolls of fog
 D - 2 scrolls of amnesia
 M - 3 scrolls of poison
 U - a scroll of noise
 Z - a scroll of immolation
Potions
 g - 7 potions of heal wounds
 i - 3 potions of enlightenment
 k - 5 potions of mutation
 l - 5 potions of haste
 o - 2 potions of cancellation {unknown}
 q - 2 potions of magic
 s - 6 potions of curing
 u - 2 potions of might
 x - a potion of invisibility
 z - 3 potions of resistance {unknown}
 J - a potion of berserk rage {unknown}
 K - a potion of lignification {unknown}
 N - 3 potions of brilliance {unknown}
Miscellaneous
 Q - a lightning rod (4/4)


   Skills:
 + Level 11.7 Fighting
 * Level 12.1 Long Blades
 + Level 11.3 Armour
 + Level 12.4 Dodging
 * Level 10.2 Spellcasting
 * Level 10.2 Conjurations
 * Level 10.2 Hexes
 * Level 10.2 Summonings
 * Level 10.2 Necromancy
 * Level 10.2 Translocations
 * Level 14.0 Transmutations
 * Level 10.2 Fire Magic
 * Level 10.2 Ice Magic
 * Level 10.2 Air Magic
 * Level 10.2 Earth Magic
 * Level 10.2 Poison Magic
 * Level 9.0 Shapeshifting


You knew the following spells:

 Your Spells              Type           Power      Damage    Failure   Level
a - Shock                 Conj/Air       100%       1d9       1%          1
b - Scorch                Fire           50%        2d7       1%          2
c - Lesser Beckoning      Tloc           50%        N/A       1%          2
d - Summon Guardian Gole  Hex/Summ       25%        N/A       1%          3
e - Manifold Assault      Tloc           25%        N/A       2%          4
f - Arcjolt               Conj/Air       12%        1d22      7%          5
g - Bombard               Conj/Erth      12%        9d3       36%         6
Your spell library was empty.

Dungeon Overview and Level Annotations

Branches:
Dungeon (15/15)            Temple (0/1) D:4            Lair (5/5) D:9
  Swamp (0/4) Lair:2       Spider (1/4) Lair:2        Slime (0/5) Lair:5
    Orc (2/2) D:11            Elf (0/3) Orc:2        Vaults (0/5) D:14
Gauntlet (visited)
 Depths: D:15

Altars:
Ashenzari
Elyvilon
Fedhas
Hepliaklqana
Makhleb
Okawaru
Ru
Trog
Xom
Yredelemnul
Zin

Shops:
D:6 !   D:8 *   D:9 ?   D:11 =   Orc:2 [*[[(=[

Annotations:
D:13 6 transporters
Lair:5 1 runed translucent door


Innate Abilities, Weirdness & Mutations

You are immune to sickness and miasma.
You are immune to poison.
Your flesh is very heat resistant. (rF++)
You are vulnerable to cold. (rC-)
You float through the air rather than walking.
You learn spells naturally, not from books.
Your magical power is your life essence.
You have superior vitality. (+4 MHP)
You have a pair of small antennae on your head.
You are partially covered in large bone plates. (SH +4)
You have supernaturally acute eyesight. (SInv)
You are agile. (Dex +4, Str/Int -1)
You are highly strong-willed. (Will++)
Your muscles are very strong. (Str +8, Int/Dex -2)
You expend health (3 HP) to strengthen your wands.
You passively dampen the noise of your surroundings.


Message History

The wolf spider closely misses you. The redback completely misses you.
The wolf spider misses you.
The wolf spider bites you but does no damage.
You hit the redback but do no damage. Lightning courses through the redback!
The redback is heavily wounded.
The redback bites you but does no damage.
The wolf spider hits you.
* * * LOW HITPOINT WARNING * * *
The wolf spider completely misses you. The redback barely misses you.
Unknown command.
You miss the redback.
The redback is heavily wounded.
The wolf spider completely misses you.
The wolf spider bites you but does no damage.
The redback barely misses you. The wolf spider completely misses you.
You block the wolf spider's attack.
You slash the redback!
The redback is severely wounded.
The redback completely misses you. You block the wolf spider's attack.
The wolf spider bites you but does no damage.
The redback completely misses you. The wolf spider completely misses you.
The wolf spider closely misses you.
You slice the redback!!
You kill the redback!
The wolf spider completely misses you. The wolf spider bites you.
* * * LOW HITPOINT WARNING * * *
The wolf spider hits you but does no damage.
The wolf spider misses you.
Your Shapeshifting skill increases to level 9!
You slice the wolf spider!!
The wolf spider is heavily wounded.
The wolf spider closely misses you. The wolf spider completely misses you.
The wolf spider hits you!
* * * LOW HITPOINT WARNING * * *
The wolf spider completely misses you.
You slash the wolf spider!
Lightning courses through the wolf spider!
The wolf spider is almost dead.
The wolf spider hits you!
You die...

.#... #. ... ....# . . ..
#.#.... #....
.##.....^...... .... ) ...
.......#.#......#.#
..##...#.#........#...#~.
......#.........#.....~##
##................#.##.~~
.^......s#...#.#.....#...#
.......#.@........#.......
#...#............#.^......
..#....#......#....#..#.#.
.............#..........#≈
#.....##.#..$..........~~≈
.......^#(...#†.......~~#≈
....^..<...###......#~~≈≈#
.##......#.# ##.#.....~≈≈#
#..#..#..# .~.#....#~≈##


You could see a wolf spider.

Vanquished Creatures
  Rupert (D:13)
  A quicksilver ooze (Spider:1)
  A minotaur (Gauntlet)
  Snorg (Lair:4)
  A fire dragon (Lair:5)
  An entropy weaver (Spider:1)
  Erolcha (D:13)
  8 vault guards
  2 catoblepae
  4 hydras
  A jorogumo (Spider:1)
  2 centaur warriors
  4 two-headed ogres
  2 boulder beetles
  4 death yaks
  A tengu warrior (D:13)
  A demonic crawler (Spider:1)
  9 orc high priests (Orc:2)
  Lodul (D:13)
  A skyshark (Lair:5)
  2 swamp dragons
  A glowing orange brain (shapeshifter) (Lair:5)
  2 steelbarb worms (Spider:1)
  A fire crab (Lair:3)
  An orb spider (Spider:1)
  Pikel (D:7)
  2 orc knights
  4 wolf spiders (Spider:1)
  A deep elf pyromancer (D:13)
  A necromancer (Gauntlet)
  6 cyclopes
  4 oklob plants (Lair:5)
  2 orc sorcerers (Orc:2)
  A manticore (D:13)
  9 elephants
  8 black mambas
  A gargoyle (D:12)
  2 torpor snails
  15 cane toads
  4 rime drakes
  5 yaktaurs (D:13)
  An unseen horror (D:12)
  Psyche (D:9)
  An orange demon (D:8)
  A rime drake (shapeshifter) (D:6)
  An efreet (D:13)
  6 komodo dragons
  6 trolls
  3 polar bears
  A tyrant leech (Gauntlet)
  8 tarantellas (Spider:1)
  A wolf spider simulacrum (D:12)
  Prince Ribbit (D:7)
  A hornet (shapeshifter) (D:14)
  6 hornets
  12 blink frogs
  3 shadows
  9 slime creatures
  2 culicivoras (Spider:1)
  A jumping spider (Spider:1)
  2 wyverns
  44 yaks
  A vampire (D:9)
  A basilisk (shapeshifter) (D:15)
  5 basilisks
  5 redbacks
  4 steam dragons
  8 vampire mosquitoes (D:13)
  2 swamp worms (Gauntlet)
  7 wargs (Orc:2)
  15 water moccasins
  An acid dragon (Lair:5)
  Duvessa (D:5)
  9 ogres
  3 ice beasts (D:9)
  2 sky beasts
  5 black bears
  11 orc warriors
  5 boggarts (D:15)
  3 wolves (Lair:4)
  5 centaurs
  2 lemures (D:7)
  Blork the orc (D:4)
  2 kobold brigands (D:6)
  2 gnoll sergeants
  11 bullfrogs
  3 scorpions
  2 wyvern zombies (D:6)
  A wight (D:4)
  Dowan (D:5)
  2 killer bees (D:9)
  3 electric eels
  A howler monkey (D:10)
  36 orc priests
  A hound (D:6)
  3 jellies
  2 gnoll boudas
  2 sleepcaps
  Natasha (D:4)
  8 iguanas
  16 orc wizards
  3 hell rats (Lair:4)
  18 gnolls
  7 adders
  6 river rats (Lair:4)
  A shadow imp (D:6)
  2 white imps
  4 worms
  2 dart slugs
  92 orcs
  7 bats
  9 endoplasms
  5 giant cockroaches
  6 goblins
  8 hobgoblins
  9 jackals
  5 quokkas
  5 ball pythons
  8 frilled lizards
  13 kobolds
  11 rats
645 creatures vanquished.

Vanquished Creatures (collateral kills)
  A two-headed ogre (D:12)
  3 skeletal warriors (D:12)
  2 kobold demonologists (D:9)
  A rime drake (D:9)
  A wyvern (Lair:2)
  A yak (D:11)
  An ice beast (D:9)
  3 wolves (D:9)
  A centaur (D:9)
  2 kobold brigands (D:9)
  A killer bee (D:9)
  2 orc wizards
  4 orcs
  4 kobolds (D:9)
27 creatures vanquished.

Vanquished Creatures (others)
  Amaemon (D:8)
  A manticore (D:8)
  A black mamba (Lair:3)
  3 elephants (Lair:4)
  A hornet (D:11)
  A tyrant leech (Lair:5)
  A snapping turtle (Lair:4)
  3 yaks
  An acid dragon (D:10)
  A black bear (D:8)
  An ice beast (D:4)
  A gnoll sergeant (D:8)
  A sleepcap (D:8)
  An orc wizard (D:10)
  4 gnolls
  An orc (D:10)
23 creatures vanquished.

Grand Total: 695 creatures vanquished

Notes
Turn   | Place    | Note
-------+----------+-------------------------------------------
     0 | D:1      | Xavori the Djinni Chaos Knight began the quest for the Orb.
     0 | D:1      | Reached XP level 1. HP: 20/20 MP: 0/0
    39 | D:1      | XOM: silly message
    46 | D:1      | Reached XP level 2. HP: 25/25 MP: 0/0
   599 | D:1      | Reached XP level 3. HP: 30/30 MP: 0/0
   599 | D:1      | Learned a level 1 spell: Shock
   732 | D:1      | XOM: noise
   800 | D:1      | Noticed a golden eye
   802 | D:1      | Found a faded altar of an unknown god.
   803 | D:1      | Noticed a golden eye
   803 | D:1      | Noticed a glass eye
   803 | D:1      | Noticed an eye of devastation
  1717 | D:1      | XOM: silly message
  1724 | D:1      | XOM: cloud trail
  2085 | D:1      | XOM: cloud trail
  2636 | D:1      | XOM: summons 1 hostile demon
  2700 | D:2      | XOM: give mutations
  2700 | D:2      | Gained mutation: You expend health (3 HP) to strengthen
                  | your wands. [Xom's grace]
  2700 | D:2      | Gained mutation: Your mind is acute. (Int +4, Str/Dex -1)
                  | [Xom's grace]
  2700 | D:2      | Gained mutation: You are partially covered in large bone
                  | plates. (SH +4) [Xom's grace]
  2721 | D:2      | Reached skill level 1 in Spellcasting
  2721 | D:2      | Reached skill level 1 in Conjurations
  2721 | D:2      | Reached skill level 1 in Hexes
  2721 | D:2      | Reached skill level 1 in Summonings
  2721 | D:2      | Reached skill level 1 in Necromancy
  2721 | D:2      | Reached skill level 1 in Translocations
  2721 | D:2      | Reached skill level 1 in Transmutations
  2721 | D:2      | Reached skill level 1 in Fire Magic
  2721 | D:2      | Reached skill level 1 in Ice Magic
  2721 | D:2      | Reached skill level 1 in Air Magic
  2721 | D:2      | Reached skill level 1 in Earth Magic
  2721 | D:2      | Reached skill level 1 in Poison Magic
  3030 | D:1      | XOM: cloud trail
  4246 | D:1      | XOM: god gift: chain mail {god gift}
  4271 | D:1      | XOM: give mutations
  4271 | D:1      | Gained mutation: You occasionally lose the ability to drink
                  | potions when taking damage. [Xom's mischief]
  4271 | D:1      | Gained mutation: You are clumsy. (Dex -2) [Xom's mischief]
  4283 | D:1      | XOM: silly message
  4954 | D:1      | XOM: noise
  5465 | D:1      | XOM: cloud trail
  5769 | D:1      | XOM: silly message
  6296 | D:1      | XOM: divination: detect items
  6297 | D:1      | XOM: noise
  6469 | D:1      | XOM: summons 2 hostile demons
  6546 | D:2      | Reached XP level 4. HP: 29/35 MP: 0/0
  6664 | D:1      | XOM: stat loss: -1 Int (16/17)
  6702 | D:1      | XOM is BORED!
  7211 | D:1      | XOM: give mutations
  7211 | D:1      | Gained mutation: You are robust. (+10% HP) [Xom's mischief]
  7211 | D:1      | Gained mutation: Armour fits poorly on your strangely
                  | shaped body. [Xom's mischief]
  7211 | D:1      | Gained mutation: Your spells are a little easier to cast,
                  | but a little less powerful. [Xom's mischief]
  7211 | D:1      | Lost mutation: Your spells are a little easier to cast, but
                  | a little less powerful. [Xom's mischief]
  8212 | D:1      | XOM: noise
  8243 | D:1      | XOM: give mutation
  8243 | D:1      | Lost mutation: Your mind is acute. (Int +4, Str/Dex -1)
                  | [Xom's mischief]
  9355 | D:1      | XOM: give mutation
  9355 | D:1      | Lost mutation: Armour fits poorly on your strangely shaped
                  | body. [Xom's mischief]
 10182 | D:3      | XOM: torment (20/38 hp)
 10207 | D:3      | XOM: silly message
 10309 | D:3      | Found an iron altar of Okawaru.
 10367 | D:3      | Reached XP level 5. HP: 35/44 MP: 0/0
 10367 | D:3      | Learned a level 2 spell: Scorch
 10891 | D:3      | XOM: give mutations
 10891 | D:3      | Lost mutation: You are clumsy. (Dex -2) [Xom's mischief]
 10891 | D:3      | Gained mutation: Armour fits poorly on your strangely
                  | shaped body. [Xom's mischief]
 10891 | D:3      | Gained mutation: Your flesh is almost immune to the effects
                  | of heat. (rF+++) [Xom's mischief]
 10891 | D:3      | Lost mutation: You are robust. (+10% HP) [Xom's mischief]
 11115 | D:4      | XOM: confusion
 11129 | D:4      | Reached XP level 6. HP: 43/47 MP: 0/0
 11140 | D:4      | Noticed an ice beast
 11157 | D:4      | Killed an ice beast
 11157 | D:4      | XOM: divine lightning
 11175 | D:4      | Reached skill level 2 in Transmutations
 11224 | D:4      | Noticed Blork the orc
 11227 | D:4      | XOM: butterfly on damage
 11271 | D:4      | Noticed a yak
 11281 | D:3      | XOM: divine lightning
 11289 | D:3      | Killed a yak
 11431 | D:4      | XOM: summons friendly quasit
 11611 | D:4      | Killed Blork the orc
 11612 | D:4      | Reached XP level 7. HP: 24/52 MP: 0/0
 11612 | D:4      | Learned a level 2 spell: Lesser Beckoning
 11845 | D:4      | Found a staircase to the Ecumenical Temple.
 11846 | D:4      | XOM: enchant monster (good)
 11854 | D:4      | Reached skill level 3 in Transmutations
 12079 | D:4      | Noticed Natasha
 12103 | D:4      | Killed Natasha
 12191 | D:4      | Lost mutation: You expend health (3 HP) to strengthen your
                  | wands. [potion of mutation]
 12191 | D:4      | Lost mutation: Armour fits poorly on your strangely shaped
                  | body. [potion of mutation]
 12191 | D:4      | Lost mutation: Your flesh is almost immune to the effects
                  | of heat. (rF+++) [potion of mutation]
 12191 | D:4      | Gained mutation: Your muscles are strong. (Str +4, Int/Dex
                  | -1) [potion of mutation]
 12216 | D:5      | Entered Level 5 of the Dungeon
 12240 | D:5      | Noticed Duvessa
 12240 | D:5      | Noticed Dowan
 12257 | D:5      | Killed Duvessa
 12258 | D:5      | Reached XP level 8. HP: 40/58 MP: 0/0
 12283 | D:5      | Killed Dowan
 12353 | D:5      | XOM: enchant monster (good)
 12390 | D:5      | Reached skill level 4 in Transmutations
 12429 | D:5      | XOM: confuse monster(s)
 12826 | D:5      | Reached skill level 5 in Fighting
 13166 | D:5      | XOM: silly message
 13169 | D:5      | XOM: silly message
 13354 | D:6      | Reached skill level 5 in Dodging
 13410 | D:6      | an adder changed into a shapeshifter
 13410 | D:6      | Noticed a shapeshifter (shapeshifter)
 13410 | D:6      | a shapeshifter changed into a yak
 13410 | D:6      | Noticed a yak (shapeshifter)
 13411 | D:6      | a yak changed into a rime drake
 13411 | D:6      | Noticed a rime drake (shapeshifter)
 13416 | D:6      | Killed a rime drake
 13417 | D:6      | Reached skill level 5 in Transmutations
 13417 | D:6      | Reached XP level 9. HP: 32/65 MP: 0/0
 13417 | D:6      | Learned a level 3 spell: Summon Guardian Golem
 13453 | D:6      | Found Lofomneh's Distillery.
 13459 | D:6      | Bought a potion of might for 56 gold pieces
 13459 | D:6      | Bought a potion of mutation for 112 gold pieces
 13459 | D:6      | Bought a potion of degeneration for 14 gold pieces
 13552 | D:6      | Reached skill level 5 in Long Blades
 13903 | D:6      | XOM: divination: detect items
 13994 | D:6      | XOM: divination: magic mapping
 14051 | D:6      | XOM: cast spell 'Olgreb's Toxic Radiance'
 14070 | D:6      | Reached skill level 5 in Armour
 14073 | D:6      | XOM: divination: detect items
 14076 | D:6      | Reached skill level 6 in Transmutations
 14119 | D:6      | Found a basalt altar of Yredelemnul.
 14126 | D:6      | XOM: silly message
 14184 | D:7      | XOM: noise
 14296 | D:7      | XOM: 2-stop teleportation journey
 14325 | D:7      | XOM: divination: detect items
 14339 | D:7      | Identified the +4 great sword of Farr {freeze, *Corrode Fly
                  | Int+4 Dex+3}
 14522 | D:7      | Noticed Prince Ribbit
 14524 | D:7      | XOM: potion effect (haste)
 14527 | D:7      | Killed Prince Ribbit
 14533 | D:7      | Found a bloodstained altar of Trog.
 14541 | D:7      | Found a blossoming altar of Fedhas.
 14546 | D:7      | Found a burning altar of Makhleb.
 14567 | D:7      | Found a sacrificial altar of Ru.
 14572 | D:7      | Found a broken altar of Ashenzari.
 14732 | D:7      | XOM: silly message
 14749 | D:7      | Noticed Pikel
 14790 | D:7      | Killed Pikel
 14791 | D:7      | Reached skill level 5 in Spellcasting
 14791 | D:7      | Reached skill level 5 in Conjurations
 14791 | D:7      | Reached skill level 5 in Hexes
 14791 | D:7      | Reached skill level 5 in Summonings
 14791 | D:7      | Reached skill level 5 in Necromancy
 14791 | D:7      | Reached skill level 5 in Translocations
 14791 | D:7      | Reached skill level 5 in Fire Magic
 14791 | D:7      | Reached skill level 5 in Ice Magic
 14791 | D:7      | Reached skill level 5 in Air Magic
 14791 | D:7      | Reached skill level 5 in Earth Magic
 14791 | D:7      | Reached skill level 5 in Poison Magic
 14791 | D:7      | Reached XP level 10. HP: 66/73 MP: 0/0
 14844 | D:7      | XOM: silly message
 14894 | D:7      | XOM: torment (38/73 hp)
 15011 | D:7      | Reached skill level 7 in Transmutations
 15014 | D:7      | Found a white marble altar of Elyvilon.
 15242 | D:7      | Found a glowing silver altar of Zin.
 15428 | D:8      | Noticed Maurice
 15428 | D:8      | XOM: 4-stop teleportation journey
 15433 | D:8      | Something stole a throwing net
 15434 | D:8      | Something stole 199 gold
 15447 | D:8      | Noticed Maurice
 15447 | D:8      | XOM: polymorph something unseen -> Maurice the water
                  | moccasin
 15464 | D:8      | XOM: snakes to sticks
 15472 | D:8      | XOM: summons 5 friendly demons
 15592 | D:8      | XOM: potion effect (invisibility)
 15624 | D:8      | Found Exetas's Assorted Antiques.
 15664 | D:8      | XOM: scenery: 1 doors close
 15667 | D:8      | Noticed a manticore
 15676 | D:8      | Killed a manticore
 15688 | D:8      | Noticed Amaemon
 15688 | D:8      | XOM: confuse monster(s)
 15691 | D:8      | Noticed an orange demon
 15691 | D:8      | XOM: cleaving
 15693 | D:8      | XOM: silly message
 15702 | D:8      | Killed Amaemon
 15703 | D:8      | Reached skill level 8 in Transmutations
 15706 | D:8      | Killed an orange demon
 15809 | D:8      | XOM: 5-stop teleportation journey
 15949 | D:8      | XOM: cloud trail
 16291 | D:8      | Bought a fine ring mail for 243 gold pieces
 16291 | D:8      | Identified the +2 ring mail of Tainn {+Inv} (You bought it
                  | in a shop on level 8 of the Dungeon)
 16310 | D:9      | Found Anamy's Magic Scroll Emporium.
 16441 | D:9      | Noticed a kobold demonologist
 16442 | D:9      | Noticed a kobold demonologist
 16449 | D:9      | Killed a kobold demonologist
 16450 | D:9      | Reached XP level 11. HP: 74/79 MP: 0/0
 16450 | D:9      | Learned a level 4 spell: Manifold Assault
 16572 | D:9      | Found a staircase to the Lair.
 16636 | D:9      | Reached skill level 9 in Transmutations
 16658 | D:9      | Noticed Psyche
 16659 | D:9      | XOM: summons 10 friendly demons
 16668 | D:9      | Killed Psyche
 16823 | D:10     | Entered Level 10 of the Dungeon
 16927 | D:10     | XOM: enchant monster (good)
 16933 | D:10     | XOM: enchant monster (good)
 17084 | D:7      | XOM: give mutation
 17084 | D:7      | Gained mutation: You have hidden genetic potential. [Xom's
                  | grace]
 17187 | D:10     | XOM: 2-stop teleportation journey
 17231 | D:10     | Noticed a two-headed ogre
 17244 | D:10     | Killed a two-headed ogre
 17409 | D:10     | Found a hazy altar of Hepliaklqana.
 17763 | D:11     | Noticed a two-headed ogre
 17773 | D:11     | XOM: confuse monster(s)
 17774 | D:11     | XOM: divination: detect items
 17779 | D:11     | Killed a two-headed ogre
 17779 | D:11     | XOM: summons 9 friendly demons
 17792 | D:11     | Reached XP level 12. HP: 80/88 MP: 0/0
 17845 | D:11     | Reached skill level 10 in Transmutations
 17947 | D:11     | Found Sanus's Jewellery Shop.
 18152 | D:11     | XOM: give mutations
 18152 | D:11     | Gained mutation: You have a pair of small antennae on your
                  | head. [Xom's mischief]
 18152 | D:11     | Gained mutation: You are dopey. (Int -2) [Xom's mischief]
 18172 | D:11     | XOM: enchant monster (bad)
 18199 | D:11     | Noticed a two-headed ogre
 18205 | D:11     | Killed a two-headed ogre
 18243 | D:11     | XOM: swap monsters
 18350 | D:11     | XOM: divination: detect creatures
 18404 | D:11     | HP: 3/88 [something (26)]
 18458 | D:11     | XOM: god gift: 808 gold pieces
 18519 | D:11     | Found a staircase to the Orcish Mines.
 18574 | D:10     | XOM: silly message
 18612 | D:15     | Identified the of Jihas
 18612 | Lair:1   | Entered Level 1 of the Lair of Beasts
 18708 | Lair:1   | XOM: enchant monster (good)
 18873 | Lair:1   | Reached skill level 1 in Shapeshifting
 18967 | Lair:1   | You are sucked into a shaft and drop 1 floor!
 18997 | Lair:2   | XOM: summons 7 hostile demons
 19077 | Lair:2   | XOM: summons friendly crimson imp
 19220 | Lair:1   | XOM: god gift: 4 boomerangs
 19241 | Lair:1   | XOM: silly message
 19273 | Lair:1   | XOM: scenery: 1 doors close
 19410 | Lair:1   | XOM: scenery: 1 doors open
 19537 | Lair:2   | Reached skill level 11 in Transmutations
 19586 | Lair:2   | XOM: summons friendly ynoxinul
 19684 | Lair:2   | Found a staircase to the Swamp.
 19684 | Lair:2   | Noticed a swamp dragon
 19689 | Lair:2   | Killed a swamp dragon
 19690 | Lair:2   | Reached XP level 13. HP: 81/94 MP: 0/0
 19690 | Lair:2   | Learned a level 5 spell: Arcjolt
 19775 | Lair:2   | Found a hole to the Spider Nest.
 19888 | Lair:2   | Reached skill level 10 in Dodging
 19973 | Lair:2   | Noticed a catoblepas
 19977 | Lair:2   | XOM: confuse monster(s)
 19982 | Lair:2   | Killed a catoblepas
 20073 | Lair:2   | Gained mutation: You are strong-willed. (Will+) [hidden
                  | potential]
 20233 | Lair:2   | XOM: god gift: 2 stones
 20276 | Lair:2   | XOM: noise
 20581 | Lair:2   | Noticed a five-headed hydra
 20582 | Lair:2   | XOM: scenery: create altars
 20588 | Lair:2   | XOM: silly message
 20591 | Lair:2   | Killed a seven-headed hydra
 20776 | Lair:3   | XOM: polymorph yak -> fire crab
 20893 | Lair:3   | XOM: summons 7 hostile demons
 20921 | Lair:3   | XOM: summons 1 hostile shadow creature
 20978 | Lair:3   | Reached skill level 12 in Transmutations
 21028 | Lair:3   | XOM: potion effect (curing)
 21059 | Lair:3   | XOM: 2-stop teleportation journey
 21182 | Lair:3   | Noticed an eight-headed hydra
 21188 | Lair:3   | XOM: give mutations
 21188 | Lair:3   | Lost mutation: You are dopey. (Int -2) [Xom's mischief]
 21188 | Lair:3   | Gained mutation: Your body sometimes deteriorates upon
                  | taking damage. [Xom's mischief]
 21193 | Lair:3   | Killed an eight-headed hydra
 21300 | Lair:3   | Reached skill level 10 in Fighting
 21300 | Lair:3   | Reached skill level 5 in Shapeshifting
 21612 | Lair:3   | Reached XP level 14. HP: 89/103 MP: 0/0
 21724 | Lair:3   | XOM: destruction
 21798 | Lair:3   | XOM: silly message
 21821 | Lair:3   | XOM: divination: detect creatures
 21872 | Lair:3   | Identified the +2 lajatang of the Hurling Goat {freeze,
                  | rElec rN+ SInv Stlth+}
 21901 | Lair:3   | XOM: potion effect (haste)
 21947 | Lair:3   | XOM: give mutation
 21947 | Lair:3   | Lost mutation: Your body sometimes deteriorates upon taking
                  | damage. [Xom's mischief]
 22137 | Lair:4   | XOM: summons 1 hostile shadow creature
 22287 | Lair:4   | XOM: blink monster(s)
 22399 | Lair:4   | Noticed Snorg
 22408 | Lair:4   | Killed Snorg
 22563 | Lair:4   | XOM: polymorph elephant -> snapping turtle
 23057 | Lair:4   | XOM: summons 2 friendly demons
 23311 | Lair:4   | Identified a scroll of acquirement
 23311 | Lair:4   | Acquired a +5 triple sword of protection
 23341 | Lair:5   | Entered Level 5 of the Lair of Beasts
 23418 | Lair:5   | Reached skill level 10 in Armour
 23441 | Lair:5   | XOM: polymorph black mamba -> glowing shapeshifter
 23512 | Lair:5   | Reached skill level 10 in Long Blades
 23608 | Lair:5   | XOM: divination: detect items
 23621 | Lair:5   | Found a staircase to the Slime Pits.
 23683 | Lair:5   | XOM: noise
 23999 | Lair:5   | XOM: cast spell 'Leda's Liquefaction'
 24202 | Lair:5   | Found a runed translucent door.
 24208 | Lair:5   | Reached skill level 13 in Transmutations
 24250 | Lair:5   | XOM: silly message
 24427 | Lair:5   | XOM: god gift: chain mail {god gift}
 24565 | D:10     | XOM: silly message
 24614 | Orc:1    | Entered Level 1 of the Orcish Mines
 24627 | Orc:1    | XOM: cast spell 'Summon Mana Viper'
 24712 | Orc:2    | Entered Level 2 of the Orcish Mines
 24716 | Orc:2    | Found Ticul's Antique Armour Shop.
 24762 | Orc:2    | Reached XP level 15. HP: 93/109 MP: 0/0
 24762 | Orc:2    | Learned a level 6 spell: Bombard
 24993 | Orc:2    | XOM: divination: magic mapping
 25040 | Orc:2    | Found Jewn's Antique Armour Boutique.
 25040 | Orc:2    | Found Ucwith's Antique Weapon Emporium.
 25198 | Orc:2    | Found Fiuroup's Armour Boutique.
 25198 | Orc:2    | Found Zicvipo's General Store.
 25321 | Orc:2    | Found Wizin's Antique Armour Shop.
 25364 | Orc:2    | Found Attysot's Jewellery Emporium.
 25592 | Orc:2    | Found a staircase to the Elven Halls.
 25612 | Orc:2    | XOM: enchant monster (bad)
 25763 | D:12     | XOM: silly message
 25885 | D:12     | Found a gate leading to a gauntlet.
 25885 | D:12     | XOM: 2-stop teleportation journey
 25888 | Gauntlet | Entered a Gauntlet
 25888 | Gauntlet | Found a transporter.
 25888 | Gauntlet | Found a transporter.
 25888 | Gauntlet | Found a transporter.
 25892 | Gauntlet | Found a transporter.
 25896 | Gauntlet | Found a transporter.
 25897 | Gauntlet | Found a large runed translucent door.
 25898 | Gauntlet | Found a large runed translucent door.
 25899 | Gauntlet | Found a large runed translucent door.
 25899 | Gauntlet | Found a runed translucent door.
 25899 | Gauntlet | Found a runed translucent door.
 25899 | Gauntlet | Found a large runed translucent door.
 25900 | Gauntlet | Found a large runed translucent door.
 25901 | Gauntlet | Found a large runed translucent door.
 25902 | Gauntlet | Found a large runed translucent door.
 25902 | Gauntlet | Found a large runed translucent door.
 25903 | Gauntlet | Found a runed translucent gate.
 25903 | Gauntlet | Found a runed translucent gate.
 25903 | Gauntlet | Found a runed translucent gate.
 25905 | Gauntlet | Found a transporter.
 25916 | Gauntlet | Found a transporter.
 25923 | Gauntlet | Found a transporter.
 25930 | Gauntlet | Found a transporter.
 25949 | Gauntlet | Found a transporter.
 25957 | Gauntlet | Found a transporter.
 25974 | Gauntlet | Found a transporter.
 26017 | Gauntlet | Found a large runed translucent door.
 26018 | Gauntlet | Found a large runed translucent door.
 26019 | Gauntlet | Found a large runed translucent door.
 26019 | Gauntlet | Found a large runed translucent door.
 26020 | Gauntlet | Found a large runed translucent door.
 26021 | Gauntlet | Found a large runed translucent door.
 26022 | Gauntlet | Found a large runed translucent door.
 26022 | Gauntlet | Found a large runed translucent door.
 26335 | Gauntlet | XOM: give mutations
 26335 | Gauntlet | Gained mutation: Your flesh is almost immune to the effects
                  | of heat. (rF+++) [Xom's mischief]
 26335 | Gauntlet | Lost mutation: You are partially covered in large bone
                  | plates. (SH +4) [Xom's mischief]
 26335 | Gauntlet | Gained mutation: You are agile. (Dex +4, Str/Int -1) [Xom's
                  | mischief]
 26492 | D:12     | XOM is BORED!
 26492 | D:12     | XOM: confusion (+ monsters)
 26840 | D:12     | XOM: god gift: 31 gold pieces
 26992 | D:12     | XOM: summons friendly ufetubus
 26997 | D:12     | XOM: summons 5 friendly demons
 27228 | D:12     | XOM: give mutations
 27228 | D:12     | Gained mutation: You have a pair of antennae on your head.
                  | [Xom's grace]
 27228 | D:12     | Gained mutation: You are robust. (+10% HP) [Xom's grace]
 27228 | D:12     | Gained mutation: You have supernaturally acute eyesight.
                  | (SInv) [Xom's grace]
 27312 | D:12     | XOM: 7-stop teleportation journey
 27391 | D:12     | XOM: scenery: create altars
 27396 | D:13     | Noticed Rupert
 27397 | D:13     | XOM: destruction
 27445 | D:13     | Found a transporter.
 27446 | D:13     | Found a transporter.
 27496 | D:13     | XOM: cleaving
 27563 | D:13     | XOM: chaos cloud
 27579 | D:13     | Found a transporter.
 27718 | D:13     | Found a transporter.
 27786 | D:13     | XOM: 2-stop teleportation journey
 27887 | D:13     | XOM: fake destruction
 27921 | D:13     | Found a transporter.
 27922 | D:13     | Found a transporter.
 27947 | D:13     | Noticed Erolcha
 27952 | D:13     | XOM: cleaving
 27955 | D:13     | Killed Erolcha
 28079 | D:13     | XOM: give mutations
 28079 | D:13     | Gained mutation: You expend health (3 HP) to strengthen
                  | your wands. [Xom's grace]
 28079 | D:13     | Gained mutation: You are resistant to electric shocks.
                  | (rElec) [Xom's grace]
 28098 | D:13     | Killed Rupert
 28099 | D:13     | Reached XP level 16. HP: 127/127 MP: 0/0
 28129 | D:13     | XOM: chaos upgrade
 28155 | D:13     | XOM: give mutations
 28155 | D:13     | Gained mutation: You passively dampen the noise of your
                  | surroundings. [Xom's grace]
 28155 | D:13     | Gained mutation: You are partially covered in iridescent
                  | scales. (AC +2) [Xom's grace]
 28155 | D:13     | Gained mutation: Your muscles are very strong. (Str +8,
                  | Int/Dex -2) [Xom's grace]
 28155 | D:13     | Gained mutation: You are highly strong-willed. (Will++)
                  | [Xom's grace]
 28234 | D:13     | Noticed Lodul
 28243 | D:13     | Killed Lodul
 28347 | D:14     | Reached skill level 10 in Spellcasting
 28347 | D:14     | Reached skill level 10 in Conjurations
 28347 | D:14     | Reached skill level 10 in Hexes
 28347 | D:14     | Reached skill level 10 in Summonings
 28347 | D:14     | Reached skill level 10 in Necromancy
 28347 | D:14     | Reached skill level 10 in Translocations
 28347 | D:14     | Reached skill level 10 in Fire Magic
 28347 | D:14     | Reached skill level 10 in Ice Magic
 28347 | D:14     | Reached skill level 10 in Air Magic
 28347 | D:14     | Reached skill level 10 in Earth Magic
 28347 | D:14     | Reached skill level 10 in Poison Magic
 28444 | D:14     | Found a gate to the Vaults.
 28465 | D:14     | XOM: swap monsters
 28471 | D:14     | XOM: smoke on damage
 28476 | D:14     | XOM: enchant monster (good)
 28522 | D:14     | XOM: summons friendly shadow imp
 28524 | D:14     | XOM: fog
 28527 | D:14     | XOM: confusion
 28531 | D:14     | XOM: polymorph vault guard -> vault guard
 28682 | D:14     | Gained mutation: You are partially covered in large bone
                  | plates. (SH +4) [hidden potential]
 28682 | D:14     | Lost mutation: You have hidden genetic potential. [hidden
                  | potential expressed]
 28741 | D:14     | XOM: scenery: 1 doors close
 28744 | D:14     | XOM: enchant monster (bad)
 28842 | D:14     | You are sucked into a shaft and drop 1 floor!
 28842 | D:15     | Entered Level 15 of the Dungeon
 28866 | D:15     | XOM: give mutations
 28866 | D:15     | Lost mutation: You occasionally lose the ability to drink
                  | potions when taking damage. [Xom's mischief]
 28866 | D:15     | Lost mutation: You are partially covered in iridescent
                  | scales. (AC +2) [Xom's mischief]
 28866 | D:15     | Lost mutation: Your flesh is almost immune to the effects
                  | of heat. (rF+++) [Xom's mischief]
 28866 | D:15     | Lost mutation: You are robust. (+10% HP) [Xom's mischief]
 29042 | D:12     | XOM: summons 4 hostile shadow creatures
 29088 | D:11     | Bought a +4 ring of slaying for 936 gold pieces
 29104 | D:11     | XOM: silly message
 29191 | Spider:1 | Entered Level 1 of the Spider Nest
 29236 | Spider:1 | XOM: 1-stop teleportation journey
 29268 | Spider:1 | XOM: summons 9 hostile demons
 29283 | Spider:1 | XOM: give mutations
 29283 | Spider:1 | Lost mutation: You are resistant to electric shocks.
                  | (rElec) [Xom's mischief]
 29283 | Spider:1 | Lost mutation: You have a pair of antennae on your head.
                  | [Xom's mischief]
 29367 | Spider:1 | XOM: polymorph boulder beetle -> quicksilver ooze
 29412 | Spider:1 | XOM: swap monsters
 29417 | Spider:1 | Reached skill level 14 in Transmutations
 29422 | Spider:1 | Identified the +3 long sword of Iwag {venom, +Blink rCorr}
 29443 | Spider:1 | Mangled by a wolf spider

Illustrated notes

Levels and vault maps discovered:
D:1:      wander_arrival_chamber, layout_basic,
          hellmonk_ecumenical_altar_watching_god
D:2:      layout_rooms, minmay_indecisive_spiral
D:3:      layout_basic, lemuel_doored_altar
D:4:      minmay_chambers_of_threes, layout_basic,
          minmay_temple_entry_proselytizer, serial_glass, glass_columns_a,
          glass_columns_a, glass_columns_a, glass_columns_a, glass_columns_b,
          glass_columns_b, minmay_manual_mail, uniq_natasha, uniq_blork_the_orc
D:5:      layout_layer_cave, uniq_duvessa
D:6:      layout_gridville, lemuel_zombie_altar_yredelemnul,
          kennysheep_small_circle
D:7:      layout_basic, zin_academy, elyvilon_altar_1,
          grunt_temple_overflow_octagram, uniq_pikel, uniq_prince_ribbit1
D:8:      layout_gridville, serial_shops, nicolae_square_shop, uniq_amaemon,
          uniq_maurice
D:9:      layout_cross, hellmonk_lair_entry_icy, serial_shops, shop_statue,
          roderic_roman_lattice, nrook_pool_corridor, nzn_life_drinkers,
          uniq_psyche
D:10:     layout_irregular_city, kennysheep_mini_moat
D:11:     layout_rooms, erik_orc_2, serial_shops, shop
D:12:     layout_layer_cave, gauntlet_entry_generic
D:13:     layout_long_grid, serial_nicolae_subway, nicolae_sub_station_stone,
          nicolae_sub_station_crystal, nicolae_sub_station_metal, uniq_lodul,
          uniq_erolcha, uniq_rupert
D:14:     layout_basic, erik_vaults_2
D:15:     hangedman_depths_entry_try_elsewhere_first, layout_basic,
          serial_bayou_lagoon_a
Lair:1:   layout_roguey
Lair:2:   nzn_winding_woodlands_small
          [nzn_winding_woodlands_5x15_pathside_ponds,
          nzn_winding_woodlands_center_garden,
          nzn_winding_woodlands_5x15_cabin], layout_long_grid,
          mainiacjoe_swamp_entry_lozenge_pond, spider_nest_entry_webs,
          grunt_forest_small_clearing_treed, grunt_megastairs_2
Lair:3:   cheibrodos_lair_overgrown_chateau, layout_cave_pods
Lair:4:   layout_layer_cave, serial_rivers, chequers_serial_rivers_micro_c,
          chequers_serial_rivers_micro_b, chequers_serial_rivers_micro_b,
          chequers_serial_rivers_marsh, chequers_serial_rivers_room_a,
          chequers_serial_rivers_small_a, kennysheep_abandoned_house, uniq_snorg
Lair:5:   guppyfry_lair_end_dragon, layout_long_grid, wormcave,
          minmay_slime_entry_oklob_open, st_stairs_13,
          chequers_serial_rivers_small_3, serial_bayou_pond_d, lemuel_fruit_tree
Spider:1: layout_spider_delve, nicolae_spider_undead_wolf_pack
Orc:1:    layout_diamond_mine, basic_altar, mines2_david
Orc:2:    st_orc_town, layout_caves, serial_shops, shop, nicolae_shop_trees,
          nicolae_shop_advertising_works [nicolae_subvault_shop_adworks]

Skill      XL: |  1  2  3  4  5  6  7  8  9 10 11 12 13 14 15 16 |
---------------+-------------------------------------------------+-----
Long Blades    | 3 4 5 6 7 8 9 10 11 12 | 12.1
Spellcasting   | 1 2 3 5 6 7 8 9 10 | 10.2
Conjurations   | 1 2 3 5 6 7 8 9 10 | 10.2
Hexes          | 1 2 3 5 6 7 8 9 10 | 10.2
Summonings     | 1 2 3 5 6 7 8 9 10 | 10.2
Necromancy     | 1 2 3 5 6 7 8 9 10 | 10.2
Translocations | 1 2 3 5 6 7 8 9 10 | 10.2
Transmutations | 1 2 3 5 6 8 9 11 12 13 14 | 14.0
Fire Magic     | 1 2 3 5 6 7 8 9 10 | 10.2
Ice Magic      | 1 2 3 5 6 7 8 9 10 | 10.2
Air Magic      | 1 2 3 5 6 7 8 9 10 | 10.2
Earth Magic    | 1 2 3 5 6 7 8 9 10 | 10.2
Poison Magic   | 1 2 3 5 6 7 8 9 10 | 10.2
Armour         | 2 3 4 5 6 7 8 9 10 11 | 11.3
Dodging        | 3 4 5 6 7 8 9 10 11 12 | 12.4
Fighting       | 4 5 6 7 8 9 10 11 | 11.7
Shapeshifting  | 2 5 6 8 9 |  9.0

Action                     |  1- 3 |  4- 6 |  7- 9 | 10-12 | 13-15 | 16-18 || total
---------------------------+-------+-------+-------+-------+-------+-------++-------
  Melee: Falchion          |    98 |   205 |   397 |   199 |       |       ||   899
         Punch             |       |     3 |     6 |     3 |       |       ||    12
         Great sword       |       |       |       |   285 |   325 |       ||   610
         Triple sword      |       |       |       |       |   603 |   227 ||   830
   Cast: Scorch            |       |     3 |    39 |    50 |    38 |       ||   130
         Summon Guardian G |       |       |       |    19 |    11 |       ||    30
         Manifold Assault  |       |       |       |    65 |   221 |    26 ||   312
         Lesser Beckoning  |       |       |       |     2 |       |       ||     2
         Arcjolt           |       |       |       |       |    30 |       ||    30
  Evoke: Wand              |       |       |       |     1 |    11 |       ||    12
         Lightning rod     |       |       |       |       |     4 |       ||     4
    Use: Scroll            |       |     4 |     8 |     7 |     7 |     1 ||    27
         Potion            |       |       |     1 |       |     5 |     1 ||     7
   Stab: Petrifying        |     3 |       |     1 |       |       |       ||     4
         Confused          |       |       |     2 |       |       |       ||     2
         Sleeping          |       |       |     1 |       |     1 |     1 ||     3
         Paralysed         |       |       |     6 |       |       |       ||     6
         Petrified         |       |       |     3 |       |       |       ||     3
         Invisible         |       |       |       |     1 |     4 |     3 ||     8
 Armour: Leather armour    |    58 |   138 |   269 |   107 |       |       ||   572
         Ring mail         |       |       |       |    99 |       |       ||    99
         Acid dragon scale |       |       |       |   144 |   383 |   155 ||   682
  Dodge: Dodged            |    73 |   153 |   266 |   423 |   925 |   436 ||  2276
  Block: Other             |     3 |    43 |    69 |    97 |   129 |    32 ||   373

Table legend: (Time is in decaauts)
 A = Elapsed time spent in this place.
 B = Non-inter-level travel time spent in this place.
 C = Inter-level travel time spent in this place.
 D = Time resting spent in this place.
 E = Time spent auto-exploring this place.
 F = Levels seen in this place.
 G = Mean time per level.
                   A        B        C        D        E       F      G
               +--------+--------+--------+--------+--------+-----+--------+
         Total |  29816 |  28614 |   1202 |  10365 |  12986 |  24 | 1242.3 |
       Dungeon |  21758 |  20922 |    836 |   9522 |   8106 |  15 | 1450.5 |
          Lair |   6111 |   5806 |    305 |    625 |   3998 |   5 | 1222.2 |
   Spider Nest |    268 |    268 |      0 |     93 |     36 |   1 |  268.0 |
  Orcish Mines |   1164 |   1103 |     61 |     72 |    653 |   2 |  582.0 |
      Gauntlet |    513 |    513 |      0 |     53 |    192 |   1 |  513.0 |
               +--------+--------+--------+--------+--------+-----+--------+

Top non-repeatable levels by time:
     D:1: 9333 daAuts
  Lair:2: 1466 daAuts
  Lair:3: 1368 daAuts
  Lair:4: 1287 daAuts
    D:12: 1228 daAuts
  Lair:5: 1200 daAuts
     D:3: 1192 daAuts
     D:7: 1189 daAuts
     D:5: 1144 daAuts
    D:13: 1082 daAuts
   Orc:2: 1048 daAuts
     D:4: 1006 daAuts
    D:11: 980 daAuts
     D:8: 941 daAuts
    D:10: 878 daAuts
